Cogmind - Beta 13 @@@ ROGUE MODE // 2024.04.07 @ 03:50:58 Player: chexo4 Result: Destroyed by H-66 Slayer with Gauss Rifle Performance ------------- Evolutions (4) 2000 Regions Visited (9) 1800 Robots Destroyed (70) 350 Value Destroyed (1850) 1850 Prototype IDs (9) 180 Alien Tech Used (0) 0 Bonus (396) 396 TOTAL SCORE: 6576 Bonus ------- Follower Combat Kills 96 Aligned with FarCom 300 Cogmind --------- Core Integrity 0/850 Matter 250/300 Energy 100/100 System Corruption 3% Temperature Cool (0) Movement Core (50) Location -6/Factory Parts ------- > --- POWER (2) -------- (None) > --- PROPULSION (6) --- (None) > --- UTILITY (4) ------ (None) > --- WEAPON (3) ------- (None) > --- INVENTORY (5) ---- Fusion Compressor Improved Cooling System Autogun Improved Datajack Mining Laser Peak State ------------ > --- POWER ------------ Micro Nuclear Core Micro Nuclear Core > --- PROPULSION ------- Armored Huge Wheel Armored Huge Wheel Armored Huge Wheel > --- UTILITY ---------- Medium Storage Unit Enhanced Optical Array Improved Power Shielding Layered Medium Armor Plating > --- WEAPON ----------- Improved Spread Laser Improved EM Pulse Cannon Advanced Assault Cannon > --- INVENTORY -------- Armored Huge Wheel VTOL Module VTOL Module Cooled VTOL Module Improved Cooling System Energy Filter System Shield Autogun Mining Laser [Rating: 62] Favorites ----------- Power Micro Nuclear Core Engine Light Angular Momentum Engine Power Core Micro Nuclear Core Propulsion Armored Huge Wheel Treads Improved Treads Leg Aluminum Leg Wheel Armored Huge Wheel Hover Unit Hover Unit Flight Unit VTOL Module Utility Medium Storage Unit Device Weight Redist. System Storage Medium Storage Unit Processor Enhanced Optical Array Protection Light Armor Plating Weapon Autogun Energy Gun Plasma Rifle Energy Cannon Improved EM Pulse Cannon Ballistic Gun Autogun Ballistic Cannon Advanced Assault Cannon Launcher Grenade Launcher Special Weapon Mining Laser Slashing Weapon Chainsword Special Melee Weapon Datajack Build | -11 -10 -9 -9 -9 -8 -8 -8 -7 -6 ------- Run | Yrd Mat Mat Min Exi Min Mat Sto Fac Fac Slots Evolved 8 | . . 2 . . . 2 . 2 2 Power 1 | . . 1 . . . . . . . Propulsion 4 | . . . . . . 2 . . 2 Utility 2 | . . 1 . . . . . 1 . Weapon 1 | . . . . . . . . 1 . Parts Attached 103 | 8 11 12 5 3 3 3 11 14 33 Power 12 | 1 1 1 1 . . . 1 1 6 Engine 4 | 1 . 1 1 . . . . . 1 Core 8 | . 1 . . . . . 1 1 5 Reactor . | . . . . . . . . . . Propulsion 27 | 4 1 4 2 . . . 4 4 8 Treads 1 | . . . . . . . 1 . . Leg 3 | . . 2 . . . . 1 . . Wheel 14 | 4 1 1 2 . . . 1 3 2 Hover 2 | . . . . . . . 1 . 1 Flight 7 | . . 1 . . . . . 1 5 Utility 25 | 1 6 1 . 2 . . 1 4 10 Device 11 | . 2 . . 1 . . . 2 6 Storage 5 | 1 3 . . . . . . 1 . Processor 2 | . 1 . . . . . . . 1 Hackware . | . . . . . . . . . . Protection 7 | . . 1 . 1 . . 1 1 3 Artifact . | . . . . . . . . . . Weapon 39 | 2 3 6 2 1 3 3 5 5 9 Energy Gun 8 | 1 . 1 . . . 1 1 . 4 Energy Cannon 1 | . . . . . . . . 1 . Ballistic Gun 15 | 1 2 3 2 . . 1 2 1 3 Ballistic Cannon 4 | . . 1 . . 1 . 1 1 . Launcher 1 | . 1 . . . . . . . . Special Weapon 8 | . . 1 . 1 2 1 1 1 1 Impact Weapon . | . . . . . . . . . . Slashing Weapon 1 | . . . . . . . . . 1 Piercing Weapon . | . . . . . . . . . . Special Melee Weapon 1 | . . . . . . . . 1 . Unidentified Prototypes 9 | . . 2 . 3 . 1 . 1 2 Corrupted Parts 2 | . 1 . . . . . . . 1 System Corruption 7 | . 3 . . . . . . . 4 Parts Lost 26 | . 3 4 . . 1 . 7 . 11 Power 3 | . . . . . . . 2 . 1 Propulsion 12 | . 1 3 . . 1 . 2 . 5 Utility 4 | . . . . . . . 1 . 3 Weapon 7 | . 2 1 . . . . 2 . 2 Highest Loss Streak 7 | . 3 3 . . 1 . 7 . 3 To Critical Strikes . | . . . . . . . . . . Average Slot Usage (%) 72 | . 95 73 86 79 76 59 60 56 71 Engine 3 | . 10 . 3 11 11 9 6 . . Core 6 | . 3 11 7 . . . . 4 11 Wheel 16 | . 27 13 15 22 11 9 12 14 16 Device 9 | . 8 11 11 11 11 9 8 8 7 Storage 8 | . 14 11 11 11 11 9 7 6 5 Processor 1 | . 4 . . . . . . . 2 Protection 6 | . . 2 11 10 11 9 7 4 4 Energy Gun 1 | . 7 . . . . . 6 . 2 Energy Cannon 1 | . . . . . . . . 1 2 Ballistic Gun 9 | . 15 18 14 13 11 9 6 2 5 Ballistic Cannon 2 | . . 2 7 . 3 2 . 6 2 Special Weapon 1 | . . . . . 5 3 1 3 . Slashing Weapon 1 | . . . . . . . . . 2 Naked Turns 73 | . . . . . . . 32 10 31 Heaviest Build 59 | 11 29 35 38 38 43 39 38 41 59 Greatest Support 84 | 26 32 38 38 38 38 22 38 56 84 Greatest Overweight (x) 3 | . 1 3 1 . 1 1 1 1 2 Average Overweight (x) . | . . . . . . 1 . . . Largest Inventory Capacity 15 | 8 15 15 15 15 15 15 15 10 10 Average Capacity 11 | 7 12 15 15 15 15 15 13 9 9 Most Carried 15 | 5 10 15 15 15 13 13 15 10 10 Average Carried 9 | 2 7 12 14 13 11 12 12 5 8 Final Capacity 15 | 8 15 15 15 15 15 15 5 10 5 Final Carried 15 | 4 10 13 15 13 11 12 5 10 5 Class Distribution -------------------- 67% | Mutant 18% | Skirmisher 7% | Commander-Mutant 3% | Scavenger-Mutant Dominant Class ---------------- Mutant | -10/Materials Mutant | -9/Materials Mutant | -9/Mines Mutant | -9/Exiles Mutant | -8/Mines Commander-Mutant | -8/Materials Mutant | -8/Storage Mutant | -7/Factory Skirmisher | -6/Factory Resources | -11 -10 -9 -9 -9 -8 -8 -8 -7 -6 ----------- Run | Yrd Mat Mat Min Exi Min Mat Sto Fac Fac Matter Collected 2180 | 319 54 290 328 . 68 . 182 105 834 Remotely . | . . . . . . . . . . Salvage Created 2447 | 249 151 555 265 . 44 . 240 92 851 Parts 154 | 22 21 27 9 . 4 . 16 4 51 Haulers Intercepted 2 | . 1 . . . . . 1 . . Recyclers Shooed 4 | . . 1 1 . . . . 1 1 Parts Field Recycled . | . . . . . . . . . . Retrieved Matter . | . . . . . . . . . . Parts Self-Destructed . | . . . . . . . . . . Prevented . | . . . . . . . . . . Kills | -11 -10 -9 -9 -9 -8 -8 -8 -7 -6 ------- Run | Yrd Mat Mat Min Exi Min Mat Sto Fac Fac Combat Hostiles Destroyed 43 | . 6 11 3 . 1 . 4 2 16 Melee 1 | . . . . . . . . . 1 Guns 16 | . 1 5 . . 1 . 4 1 4 Cannons 19 | . . 4 3 . . . . 1 11 AOE 7 | . 5 2 . . . . . . . Classes Destroyed 10 | 2 6 1 . . . . . . 1 Builder 1 | . 1 . . . . . . . . Tunneler 12 | 9 . . . . 1 . . . 2 Hauler 2 | . 1 . . . . . 1 . . Recycler 8 | 1 . 1 3 . . . 1 1 1 Operator 1 | . 1 . . . . . . . . Watcher 3 | . 1 . . . . . . . 2 Swarmer 17 | . 3 . 3 . 1 . 1 2 7 Grunt 13 | . 3 7 . . . . 2 . 1 Sentry 8 | . . 4 . . . . 1 . 3 Programmer 5 | . . . . . . . . . 5 Best Kill Streak 9 | 3 9 5 5 . 1 . 2 1 3 Combat Bots Only 6 | . 6 5 3 . 1 . 2 1 3 Max Kills in Single Turn 2 | 1 2 2 1 . 1 . 1 1 1 Gunslinging . | . . . . . . . . . . Exploded 2 | . 1 2 . . . . . . . Melee 1 | . . . . . . . . . 1 Uniques/NPCs Destroyed . | . . . . . . . . . . Combat | -11 -10 -9 -9 -9 -8 -8 -8 -7 -6 -------- Run | Yrd Mat Mat Min Exi Min Mat Sto Fac Fac Hostile Shots Fired 542 | . 36 63 23 . 13 . 88 12 307 Missed 182 | . 7 25 12 . 2 . 23 5 108 Damage Taken 4791 | . 325 487 81 . 208 . 1023 107 2560 Core 1581 | . 99 107 16 . 53 . 430 15 861 Absorbed by Shields . | . . . . . . . . . . Redirected to Shielding 135 | . . . . . . . 102 . 33 Core Remaining (%) 66 | 100 60 . . . 56 . 21 97 . Volleys Fired 225 | 39 23 39 13 . 6 8 16 13 68 Largest 3 | 2 2 2 2 . 2 1 2 3 3 Hottest 175 | 60 70 100 62 . 62 100 100 140 175 Shots Fired 426 | 78 34 74 26 . 12 8 28 21 145 Gun 297 | 78 22 65 13 . 6 . 26 6 81 Cannon 98 | . . 8 13 . 1 . . 13 63 Launcher 12 | . 12 . . . . . . . . Special 19 | . . 1 . . 5 8 2 2 1 Kinetic 269 | 39 15 66 26 . 7 . 12 17 87 Thermal 54 | . . 1 . . . 8 16 2 27 Explosive 12 | . 12 . . . . . . . . Electromagnetic 86 | 39 7 7 . . . . . 2 31 Robot Hit Streak 7 | 5 4 6 3 . 2 . 5 2 7 Robot Miss Streak 5 | 4 1 3 3 . 2 . 4 4 5 Penetration Max . | . . . . . . . . . . Secondary Targets 1 | . . . . . . . 1 . . Max Gunslinging Chain 1 | . . . . . . . 1 . . Shots Hit Robots 230 | 41 12 53 11 . 5 . 19 9 80 Core Hits 121 | 15 20 21 8 . 2 . 14 5 36 Critical Kills . | . . . . . . . . . . Critical Parts Destroyed 1 | . . 1 . . . . . . . Critical Strikes 4 | . . 1 . . . . . . 3 Burn 1 | . . . . . . . . . 1 Destroy 1 | . . 1 . . . . . . . Blast 1 | . . . . . . . . . 1 Corrupt 1 | . . . . . . . . . 1 Melee Attacks 5 | . . . . . . . . 1 4 Impact . | . . . . . . . . . . Slashing 4 | . . . . . . . . . 4 Piercing . | . . . . . . . . . . Sneak Attacks 4 | . . . . . . . . 1 3 Combat Hostiles . | . . . . . . . . . . Follow-up Attacks . | . . . . . . . . . . Damage Inflicted 4768 | 463 607 850 222 . 38 . 406 153 2029 Guns 2561 | 463 107 602 96 . 13 . 360 72 848 Cannons 1243 | . . 155 126 . . . . 77 885 Explosions 593 | . 500 93 . . . . . . . Melee 217 | . . . . . . . . . 217 Ramming 154 | . . . . . 25 . 46 4 79 Kinetic 2475 | 148 58 672 222 . 13 . 178 149 1035 Thermal 567 | . . 93 . . . . 182 . 292 Explosive 500 | . 500 . . . . . . . . Electromagnetic 855 | 315 49 85 . . . . . . 406 Impact . | . . . . . . . . . . Slashing 217 | . . . . . . . . . 217 Piercing . | . . . . . . . . . . Highest Corruption 8 | . 3 . . . . . 2 . 8 Average Corruption 4 | . 3 . . . . . 2 . 4 Corruption Purged 11 | . . . . . . . . . 11 Corruption Blocked . | . . . . . . . . . . Effects 43 | . . . . . . . 1 . 42 Message Errors 8 | . . . . . . . 1 . 7 Matter Fused 7 | . . . . . . . . . 7 Heat Flow Errors 7 | . . . . . . . . . 7 Energy Discharges 8 | . . . . . . . . . 8 Parts Fused 1 | . . . . . . . . . 1 Data Loss (minor) 7 | . . . . . . . . . 7 Data Loss (major) 1 | . . . . . . . . . 1 Alerts 1 | . . . . . . . . . 1 Weapon Failures 3 | . . . . . . . . . 3 Overload Shots . | . . . . . . . . . . Overflow Damage 96 | . 12 8 1 . . . . . 75 Projectiles 15 | . . 8 1 . . . . . 6 Explosions 12 | . 12 . . . . . . . . Melee 69 | . . . . . . . . . 69 Knockbacks 5 | . . 1 1 . . . . 1 2 Impact . | . . . . . . . . . . Kinetic 5 | . . 1 1 . . . . 1 2 Secondary . | . . . . . . . . . . Self-Inflicted Damage 109 | . 39 . . . 12 . 21 2 35 Shots 1 | . 1 . . . . . . . . Rammed 25 | . . . . . 3 . 8 1 13 Targets Rammed 25 | . . . . . 3 . 8 1 13 Kicked . | . . . . . . . . . . Crushed . | . . . . . . . . . . Highest Temperature 650 | 40 40 157 68 . 26 75 198 204 650 Average Temperature 106 | 18 12 43 26 . 15 35 59 85 179 Received Heat Transfer 1311 | . 66 303 . . . . 612 . 330 Effects 32 | . . . . . . . . . 32 Shutdowns 9 | . . . . . . . . . 9 Energy Bleed 2 | . . . . . . . . . 2 Interference 5 | . . . . . . . . . 5 Matter Decay 1 | . . . . . . . . . 1 Damage (minor) 6 | . . . . . . . . . 6 Damage (major) 8 | . . . . . . . . . 8 Damage (core) 1 | . . . . . . . . . 1 Siege Activations . | . . . . . . . . . . Robots Corrupted . | . . . . . . . . . . Combat Hostiles . | . . . . . . . . . . Parts Fried 2 | . . . . . . . . . 2 Impact Corruptions 1 | . . . . . . . . . 1 Robots Melted . | . . . . . . . . . . Combat Hostiles . | . . . . . . . . . . Parts Melted 6 | . . . . . . . . . 6 Heat Transferred 1257 | . . 150 . . . . 407 . 700 Parts Sabotaged . | . . . . . . . . . . Parts Stolen . | . . . . . . . . . . Parts Stripped . | . . . . . . . . . . Power Chain Reactions 1 | . . 1 . . . . . . . Alert | -11 -10 -9 -9 -9 -8 -8 -8 -7 -6 ------- Run | Yrd Mat Mat Min Exi Min Mat Sto Fac Fac Peak Influence 355 | 50 253 355 168 . 87 38 242 212 164 Initial 106 | . 32 106 95 . . 33 15 98 7 Average 79 | 21 126 188 143 . 37 33 131 122 50 Maximum Alert Level 1 | . 1 1 . . . . 1 1 . Low Security (%) 90 | 100 61 57 100 . 100 100 71 74 100 Level 1 9 | . 38 42 . . . . 28 25 . Level 2 . | . . . . . . . . . . Level 3 . | . . . . . . . . . . Level 4 . | . . . . . . . . . . Level 5 . | . . . . . . . . . . High Security . | . . . . . . . . . . Max Security . | . . . . . . . . . . Squads Dispatched 15 | . 1 1 . . . . 5 . 8 Investigation 4 | . . 1 . . . . 2 . 1 Extermination 5 | . . . . . . . . . 5 Reinforcement 5 | . 1 . . . . . 2 . 2 Assault . | . . . . . . . . . . Garrison 1 | . . . . . . . 1 . . Intercept . | . . . . . . . . . . Searches Triggered . | . . . . . . . . . . Construction Impeded . | . . . . . . . . . . Haulers Reinforced . | . . . . . . . . . . Active Scanning Responses . | . . . . . . . . . . Cargo Convoy Interrupts 1 | . . . . . . . . . 1 Stealth | -11 -10 -9 -9 -9 -8 -8 -8 -7 -6 --------- Run | Yrd Mat Mat Min Exi Min Mat Sto Fac Fac Distress Signals 5 | . 1 . . . . . 3 . 1 Communications Jammed . | . . . . . . . . . . Distress Signals . | . . . . . . . . . . Times Spotted 97 | . 12 13 3 . 5 . 17 6 41 Peak Tracking Total 11 | . 5 6 3 . 3 . 9 3 11 Tactical Retreats 7 | . . 1 . . . . . 2 4 Traps | -11 -10 -9 -9 -9 -8 -8 -8 -7 -6 ------- Run | Yrd Mat Mat Min Exi Min Mat Sto Fac Fac Traps Triggered 3 | . . . . . . . . . 3 Indirectly . | . . . . . . . . . . Trap Hack Attempts . | . . . . . . . . . . Triggered . | . . . . . . . . . . Disarmed . | . . . . . . . . . . Reprogrammed . | . . . . . . . . . . Reused . | . . . . . . . . . . Traps Extracted . | . . . . . . . . . . Installed . | . . . . . . . . . . Triggered 2 | . . . . . . . . . 2 Machines | -11 -10 -9 -9 -9 -8 -8 -8 -7 -6 ---------- Run | Yrd Mat Mat Min Exi Min Mat Sto Fac Fac Machines Disabled 8 | . 2 . . . . . 4 . 2 Max in Single Turn 1 | . 1 . . . . . 1 . 1 Machines Repaired . | . . . . . . . . . . Machines Dismantled . | . . . . . . . . . . Machines Sabotaged . | . . . . . . . . . . Overloaded Fab Kills . | . . . . . . . . . . Hacking | -11 -10 -9 -9 -9 -8 -8 -8 -7 -6 --------- Run | Yrd Mat Mat Min Exi Min Mat Sto Fac Fac Machines Accessed 15 | . 1 2 . 4 . 2 3 1 2 Terminals 9 | . 1 2 . . . 2 2 . 2 Fabricators 1 | . . . . . . . . 1 . Repair Stations . | . . . . . . . . . . Recycling Units 1 | . . . . . . . 1 . . Scanalyzers . | . . . . . . . . . . Garrison Access . | . . . . . . . . . . Total Hacks 75 | . 2 6 . 49 . 4 7 1 6 Successful 61 | . 2 3 . 49 . 1 2 1 3 Failed 14 | . . 3 . . . 3 5 . 3 Catastrophic 3 | . . 1 . . . 1 1 . . Database Lockouts . | . . . . . . . . . . Manual 5 | . . 1 . 1 . 1 2 . . Terminals 23 | . 2 6 . . . 4 5 . 6 Fabricators 1 | . . . . . . . . 1 . Repair Stations . | . . . . . . . . . . Recycling Units 2 | . . . . . . . 2 . . Scanalyzers . | . . . . . . . . . . Garrison Access . | . . . . . . . . . . Terminal Hacks 59 | . 2 3 . 49 . 1 1 . 3 Record 51 | . . . . 49 . . . . 2 Robot Analysis 1 | . 1 . . . . . . . . Open Door 1 | . . . . . . . 1 . . Open DSF 1 | . . . . . . . . . 1 Branch Access Points 2 | . . 1 . . . 1 . . . Emergency Access Points 1 | . . 1 . . . . . . . Zone Layout 2 | . 1 1 . . . . . . . Fabricator Hacks 1 | . . . . . . . . 1 . Network Status 1 | . . . . . . . . 1 . Repair Station Hacks . | . . . . . . . . . . Recycling Unit Hacks 1 | . . . . . . . 1 . . Report Inventory 1 | . . . . . . . 1 . . Scanalyzer . | . . . . . . . . . . Garrison Access Hacks . | . . . . . . . . . . Unauthorized Hacks . | . . . . . . . . . . Terminals . | . . . . . . . . . . Fabricators . | . . . . . . . . . . Repair Stations . | . . . . . . . . . . Recycling Units . | . . . . . . . . . . Scanalyzers . | . . . . . . . . . . Garrison Access . | . . . . . . . . . . Data Cores Recovered . | . . . . . . . . . . Used . | . . . . . . . . . . Hacking Detections 7 | . . 2 . . . 1 3 . 1 Full Trace Events 4 | . . 1 . . . . 2 . 1 Feedback Events . | . . . . . . . . . . Feedback Blocked . | . . . . . . . . . . Robot Schematics Acquired . | . . . . . . . . . . Robots Built . | . . . . . . . . . . Authchips . | . . . . . . . . . . Time . | . . . . . . . . . . Total Robot Build Rating . | . . . . . . . . . . Part Schematics Acquired . | . . . . . . . . . . Parts Built . | . . . . . . . . . . Authchips . | . . . . . . . . . . Time . | . . . . . . . . . . Total Part Build Rating . | . . . . . . . . . . Parts Repaired . | . . . . . . . . . . Time . | . . . . . . . . . . Parts Recycled . | . . . . . . . . . . Recycled Matter . | . . . . . . . . . . Retrieved Matter . | . . . . . . . . . . Retrieved Components . | . . . . . . . . . . Parts Scanalyzed . | . . . . . . . . . . Part Schematics Acquired . | . . . . . . . . . . Parts Damaged . | . . . . . . . . . . Bothacking | -11 -10 -9 -9 -9 -8 -8 -8 -7 -6 ------------ Run | Yrd Mat Mat Min Exi Min Mat Sto Fac Fac Used RIF Installer . | . . . . . . . . . . Robots Hacked 1 | . . . . . . . . 1 . Non-combat 1 | . . . . . . . . 1 . Combat . | . . . . . . . . . . Robot Hacks Applied 1 | . . . . . . . . 1 . find_chute 1 | . . . . . . . . 1 . Relay Couplers Released 3 | . . . . . . . . . 3 Programmers 3 | . . . . . . . . . 3 Fabnet Peak Effective % . | . . . . . . . . . . Robots Rewired . | . . . . . . . . . . Allies Hacked . | . . . . . . . . . . Hacks Repelled . | . . . . . . . . . . Allies | -11 -10 -9 -9 -9 -8 -8 -8 -7 -6 -------- Run | Yrd Mat Mat Min Exi Min Mat Sto Fac Fac Total Allies 6 | . . . 2 . 4 . . . . Largest Group 4 | . . . 2 1 4 4 1 . . Highest-Rated Group 68 | . . . 42 11 68 68 21 . . Highest-Rated Ally 31 | . . . 31 11 21 21 21 . . Total Orders 13 | . . . . . . . 1 . 12 STAY 1 | . . . . . . . 1 . . EXPLORE 12 | . . . . . . . . . 12 Ally Attacks 36 | . . . 13 . 15 1 7 . . Total Damage 512 | . . . 144 . 146 . 222 . . Kills 7 | . . . . . 4 . 3 . . Allies Corrupted . | . . . . . . . . . . Allies Melted . | . . . . . . . . . . Field Lobotomies 4 | . . . . . 4 . . . . Intel | -11 -10 -9 -9 -9 -8 -8 -8 -7 -6 ------- Run | Yrd Mat Mat Min Exi Min Mat Sto Fac Fac Robot Analysis Total 1 | . 1 . . . . . . . . Derelict Logs Recovered . | . . . . . . . . . . Drone Launches 13 | . . . . . . . . . 13 Drone Recoveries 7 | . . . . . . . . . 7 Exploration | -11 -10 -9 -9 -9 -8 -8 -8 -7 -6 ------------- Run | Yrd Mat Mat Min Exi Min Mat Sto Fac Fac Turns Passed 6049 | 387 265 489 314 718 598 179 306 447 2346 Spaces Moved 4737 | 294 193 325 194 700 473 122 230 343 1863 Core 149 | 15 . 5 . . . . 54 19 56 Treads . | . . . . . . . . . . Legs 73 | . . 32 37 . . . 4 . . Wheels 4047 | 279 193 288 157 700 473 122 172 324 1339 Hover . | . . . . . . . . . . Flight 468 | . . . . . . . . . 468 Fastest Speed 29 | 50 90 90 100 100 100 115 50 50 29 Average Speed 94 | 87 96 110 117 100 113 115 93 98 82 Slowest Speed 260 | 90 105 260 190 100 115 115 190 115 179 Overloaded Moves . | . . . . . . . . . . Propulsion Burnouts . | . . . . . . . . . . Robots Hopped 4 | . . . . . . . . . 4 Cave-ins Triggered . | . . . . . . . . . . Time Travels 1 | . . . . 1 . . . . . Exploration Rate (%) 38 | 13 34 31 35 92 86 19 36 6 33 Regions Visited 9 Branch Regions 4 Pre-discovered Areas 1 | . . . . 1 . . . . . Known Exits Taken 2 | . . 1 . . . 1 . . . Unknown Exits Taken 7 | 1 1 . 1 1 1 . 1 1 . Scrap Searched 2 | . . . 1 . 1 . . . . Spaces Dug 9 | . . 1 . . . 8 . . . Terrain Destroyed 56 | . 31 5 1 . . 8 . 4 7 Melee . | . . . . . . . . . . Projectile 21 | . . 1 1 . . 8 . 4 7 AOE 35 | . 31 4 . . . . . . . Terrain Rammed . | . . . . . . . . . . Walls Destroyed . | . . . . . . . . . . Machines Disabled . | . . . . . . . . . . Actions | -11 -10 -9 -9 -9 -8 -8 -8 -7 -6 --------- Run | Yrd Mat Mat Min Exi Min Mat Sto Fac Fac Total 5870 | 350 237 386 254 719 517 137 290 428 2552 Wait 650 | . . . 39 7 32 . 10 39 523 Move 4720 | 293 192 324 193 699 472 121 229 342 1855 Hop 4 | . . . . . . . . . 4 Pick Up 83 | 9 11 9 3 4 . 3 8 13 23 Fast Attach 12 | 2 . . . . . . . 3 7 Attach 56 | 4 4 7 1 1 3 2 6 10 18 Detach 4 | . . 1 . . 1 . . 2 . Swap 38 | 2 7 5 4 2 . 1 5 1 11 Drop 46 | 1 . 1 1 6 . 2 8 3 24 Fire 225 | 39 23 39 13 . 6 8 16 13 68 Melee 5 | . . . . . . . . 1 4 Ram 25 | . . . . . 3 . 8 1 13 Kick . | . . . . . . . . . . Crush . | . . . . . . . . . . Escape Stasis . | . . . . . . . . . . Rewire . | . . . . . . . . . . Trap . | . . . . . . . . . . Miscellaneous 2 | . . . . . . . . . 2 Route ------- -11/Scrapyard -10/Materials -9/Materials (discovered 2 exits: *Min x2) -9/Mines (discovered 2 exits: *Mat / *Exi) -9/Exiles (discovered 2 exits: [*Min x2]) -8/Mines -8/Materials (discovered 3 exits: *Fac / *Sto x2) -8/Storage -7/Factory -6/Factory (discovered 1 exit: [*Low]) History --------- Turn | Location | Event 8 | -11/Scrapyard | Discovered new exit (range 16) 388 | -11/Scrapyard | Entered Materials 397 | -10/Materials | Build established: Mutant 590 | -10/Materials | Lost 3 parts (1n2w) 601 | -10/Materials | Discovered new exit (range 16) 653 | -10/Materials | Entered another Materials area 653 | -9/Materials | Evolved 2 slots: Power x1, Utility x1 795 | -9/Materials | Identified exit to Mines 1069 | -9/Materials | Lost 3 parts (2n1w) 1142 | -9/Materials | Entered Mines 1144 | -9/Mines | Discovered new exit (range 4) 1436 | -9/Mines | Deemed a non-threat by the Exiles lab entrance 1437 | -9/Mines | Discovered new exit (range 5) 1456 | -9/Mines | Entered Exiles 1456 | -9/Exiles | Accompanied by 1 ally 1500 | -9/Exiles | Met 8R-AWN 1516 | -9/Exiles | Met EX-HEX 1550 | -9/Exiles | Met EX-BIN 1561 | -9/Exiles | Aligned with FarCom system 1562 | -9/Exiles | Given EX-Vault access code 1623 | -9/Exiles | Opened EX-Vault 1633 | -9/Exiles | Found Prototype Device 1634 | -9/Exiles | Identified Skeleton Box 1640 | -9/Exiles | Found Prototype Device 1641 | -9/Exiles | Identified Chronowheel 1641 | -9/Exiles | Activated Chronowheel 1641 | -9/Exiles | Spacetime reconverged on an earlier point 1643 | -9/Exiles | Found Prototype Special Weapon 1644 | -9/Exiles | Identified Field Lobotomy Kit 1671 | -9/Exiles | Warned to stay clear of 0b10 Research branches 1705 | -9/Exiles | Met EX-DEC 1716 | -9/Exiles | Learned location of Zion (-6) 1752 | -9/Exiles | Discovered new exit (range 11) 1864 | -9/Exiles | Visited The Gauntlet 2042 | -9/Exiles | Discovered new exit (range 14) 2174 | -9/Exiles | Left Exiles lab with Field Lobotomy Kit 2174 | -9/Exiles | Entered Mines 2223 | -8/Mines | Assimilated H-55 Commando with FLK Orb 2463 | -8/Mines | Assimilated S-10 Pest with FLK Orb 2498 | -8/Mines | Assimilated H-55 Commando with FLK Orb 2520 | -8/Mines | Assimilated H-55 Commando with FLK Orb 2631 | -8/Mines | Discovered new exit (range 16) 2772 | -8/Mines | Entered Materials 2772 | -8/Materials | Accompanied by 4 allies 2772 | -8/Materials | Evolved 2 slots: Propulsion x2 2811 | -8/Materials | Build established: Commander-Mutant 2894 | -8/Materials | Identified exit to Storage 2950 | -8/Materials | Discovered new exit (range 16) 2951 | -8/Materials | Entered Storage 2951 | -8/Storage | Accompanied by 1 ally 3146 | -8/Storage | Garrison activated, responded to threat 3229 | -8/Storage | Core integrity fell below 50% 3246 | -8/Storage | Build established: Mutant 3246 | -8/Storage | Lost 7 parts (2p2n1u2w) 3250 | -8/Storage | Discovered new exit (range 15) 3257 | -8/Storage | Entered Factory 3257 | -7/Factory | Evolved 2 slots: Utility x1, Weapon x1 3698 | -7/Factory | Discovered new exit (range 5) 3704 | -7/Factory | Entered another Factory area 3704 | -6/Factory | Evolved 2 slots: Propulsion x2 4122 | -6/Factory | Build established: Skirmisher 4528 | -6/Factory | Cargo convoy interrupted 5222 | -6/Factory | Build established: Mutant 5985 | -6/Factory | Discovered new exit (range 5) 6014 | -6/Factory | Spotted B-75 Beast 6025 | -6/Factory | Core integrity fell below 50% 6039 | -6/Factory | Core integrity fell below 20% 6050 | -6/Factory | Destroyed by H-66 Slayer with Gauss Rifle Last Messages --------------- Triggered Shock Trap. The floor emits a surge of raw power. System corrupted (+1). Slug penetrates Wall. K-01 Serf destroyed. Penetrated by Slug. Acquired Xenon Bombardment Thruster. Xenon Bombardment Thruster severed. Acquired Xenon Bombardment Thruster. Xenon Bombardment Thruster destroyed. P-60 Hacker resets K-01 Serf, system corruption cleaned. Chain reaction triggered in Mic. Nuclear Core. P-60 Hacker destroyed. Penetrated by Slug. K-01 Serf collects debris. P-60 Hacker resets P-60 Hacker, system corruption cleaned. Slug penetrates Wall. [Achievement: Just Browsing] Map ----- +----------------------------------------------------+ | ?????????????????????????????????????????????????? | | ?????????????????????????????????????????????????? | | ?????????????????????????????????????????????????? | | ?????????????????????????????????????????????????? | | ?????????????????????????????????????????????????? | | ?????????????????????????????????????????????????? | | ?????????????????????????????????????????????????? | | ?????????????????????????????????????????????????? | | ?????????????????????????????????????????????????? | | ?????????????????????????????????????????????????? | | ?????????????????????????????????????????????????? | | ???????????????????????????+###+#????????????????? | | ???????????????????????????? ????????????????? | | ???????????????????????????? ????????????????? | | ???????????????????????????? #???????????????? | | ????????????????????????????# #########???????? | | ????????????????????????????# # #??????? | | ????????????????????????????# # """ #??????? | | ??????????????????########### # """ #??????? | | ??????????????????# # # """ #?? """" | | ?###########??????# ! # # #?# """" | | #??????# # # """ #?? """" | | """"""""" #??????# """ """ # # """ #???"""" | | #??????# """ """ # # """ #???? % | | """"""""" #??????# """ """ # + #?#####/ | | #??????# @ # %############"" " | | """"""""" #??????# # [[ | | #??????########+## =h! | | """"""""" ########## c p hp* %* ! | | + ""#### ! ^ ! | | """"""""" #### #### """" **" #?# ##" ! | | #??# #??# """" b *[######+##" | | ####+#### """"g ## # % | | #####/####### # ! """"g^ ^ !!! ## """ # | | + # """"g !! ## R" # | | ##### + """" !! ## """ # | | #???# """ # ## # | | #???# """ # ## + | | #???# """ ### #"" ""# ## """"" # | | ########???########?# #""F""####+##+## """"" # | | #???????????????????# # """ #?? ????# """ ### | | #???????????????????# #######?? ????# #?# | | #???????????????????# #???????? ????# #?# | | #???????????????????# #??????? ????###########+ | | #???????????????????# #??????? ??????????# | | #???????????????????# #????????????????????# "" | | ##########???????????# #????????????????????# "" | | ! #???????????# #????????????????????# "" | | #???????????#%#????????????????????# "" | | #???????????# #????????????????????# | +----------------------------------------------------+ Best States ------------- Heat Dissipation 56 Energy Generation 41 Energy Capacity 350 Matter Stores 300 Matter Capacity 300 Sight Range 22 Robot Scan Range 14 Terrain Scan Density 10 Power Amplification 20 Additional Mass Support 6 Armor Coverage 600 Power Shielding 66 Propulsion Shielding 66 Evasion (%) 64 Energy Filtering 45 Item Schematics ----------------- None Robot Schematics ------------------ None Fabricated ------------ Nothing Alien Tech Used ----------------- None Achievements -------------- Just Browsing Release The Drones! Challenges ------------ None Game ------ Seed ShadingMatterVibroblade Manual? 0 Play Time 01:00:55 Cumulative 13.5 hours Start 2024.04.07 @ 02:48:19 End 2024.04.07 @ 03:50:58 Sessions 3 Manual Loads 0 Difficulty Rogue Special Mode None Game No. 33 Rogue 33 Adventurer 0 Explorer 0 Win Type - Total 0 Types 0/0/0/0/0/0/0/0/0 Lore% 15 Gallery% 25 Achievement% 19 Wizard Run 0 Options --------- Layout 1 ASCII 0 Keyboard 0 Movement Arrows Keybinds 0 Fullscreen 2 Font 24/Smallcaps Map View 50x35 Zoom Use 0% Tactical HUD 0 Map Filters NONE Filters NONE Steam 1 RUN: 5b2ef076-9ade-4ca8-a7db-d8900aa914b8